 Dungeon Crawl Stone Soup version 0.27.1-3-gb3d3a73c9e (webtiles) character file.

Game seed: 583866446213532282

475 AZSletch the Skirmisher (level 6, -4/51 HPs)
             Began as a Demonspawn Gladiator on Oct 7, 2021.
             Blown up by Pikel (19 damage)
             ... with a mindburst bolt
             ... on level 5 of the Dungeon.
             The game lasted 00:13:04 (4531 turns).

AZSletch the Skirmisher (Demonspawn Gladiator)      Turns: 4531, Time: 00:13:04

Health: -4/51      AC:  5    Str: 15    XL:     6   Next: 84%
Magic:  6/6        EV: 13    Int: 11    God:
Gold:   318        SH:  0    Dex: 14    Spells: 5/5 levels left

rFire    . . .     SeeInvis .   i - +1 dagger (speed)
rCold    + . .     Faith    .   (no shield)
rNeg     . . .     Spirit   .   b - +0 leather armour
rPois    .         Reflect  .   c - +0 helmet
rElec    .         Harm     .   (no cloak)
rCorr    .         Rampage  .   t - +0 pair of gloves
Will     .....                  (no boots)
Stlth    +.........             (no amulet)
HPRegen  0.17/turn              v - ring of protection from cold
MPRegen  0.10/turn              (no ring)

@: no status effects
A: talons 2, powered by death 1
a: no special abilities


You were on level 5 of the Dungeon.
You visited 1 branch of the dungeon, and saw 5 of its levels.

You collected 318 gold pieces.

Inventory:

Hand Weapons
 a - a +0 trident
 i - a +1 dagger of speed (weapon)
 n - a +0 spear
 w - a +0 hunting sling
Missiles
 d - 4 throwing nets (quivered)
 g - 73 stones
 m - 35 sling bullets
Armour
 b - a +0 leather armour (worn)
 c - a +0 helmet (worn)
 t - a +0 pair of gloves (worn)
Jewellery
 v - a ring of protection from cold (left hand)
Wands
 p - a wand of iceblast (22)
Scrolls
 e - 2 scrolls of magic mapping {unknown}
 f - 3 scrolls of teleportation {unknown}
 h - 4 scrolls of amnesia {unknown}
 j - a scroll of immolation
 o - 6 scrolls of identify {unknown}
 q - a scroll of torment {unknown}
 s - a scroll of blinking {unknown}
 u - a scroll of fog {unknown}
 x - a scroll of summoning {unknown}
Potions
 k - a potion of heal wounds {unknown}
 l - a potion of attraction {unknown}
 r - a potion of curing {unknown}


   Skills:
 + Level 5.0 Fighting
 - Level 2.6 Polearms
 - Level 1.7 Throwing
 + Level 5.0 Dodging
 + Level 3.0 Necromancy


You had 5 spell levels left.
You didn't know any spells.
Your spell library contained the following spells:

 Spells                   Type           Power      Damage    Failure   Level
 Animate Skeleton         Necr           12%        N/A       13%         1
 Apportation              Tloc           0%         N/A       41%         1
 Corona                   Hex            0%         N/A       41%         1
 Summon Small Mammal      Summ           0%         N/A       41%         1


Dungeon Overview and Level Annotations

Branches:
Dungeon (5/15)
 Temple: D:4-7

Altars:
Fedhas

Portals:
Abyss: D:4

Annotations:
D:4 2 transporters, Kinoniko's ghost, novice OgBe
D:5 Pikel


Innate Abilities, Weirdness & Mutations

You have razor-sharp toenails.
You regenerate a little health from kills.


Message History

Pikel closely misses you.
You hit Pikel. You claw Pikel, but do no damage.
Pikel is moderately wounded.
Pikel hits you but does no damage.
You hit Pikel but do no damage.
Pikel is moderately wounded.
You hit Pikel but do no damage. You claw Pikel.
Pikel is heavily wounded.
Pikel completely misses you.
You miss Pikel.
Pikel is heavily wounded.
Pikel hits you with a +1 whip of freezing.
Pikel freezes you.
You closely miss Pikel. You claw Pikel.
Pikel is heavily wounded.
You barely miss Pikel.
Pikel is heavily wounded.
Pikel hits you with a +1 whip of freezing!
You hit Pikel but do no damage. You claw Pikel, but do no damage.
Pikel is heavily wounded.
Pikel misses you.
You closely miss Pikel.
Pikel is heavily wounded.
You closely miss Pikel. Your kick misses Pikel.
Pikel is heavily wounded.
Pikel zaps a wand.
You barely resist. You hit Pikel but do no damage. Your kick misses Pikel.
Pikel is heavily wounded.
Pikel hits you with a +1 whip of freezing!
Pikel freezes you.
You hit Pikel. Your kick misses Pikel.
Pikel is heavily wounded.
You hit Pikel but do no damage. Your kick misses Pikel.
Pikel is heavily wounded.
Pikel hits you with a +1 whip of freezing.
* * * LOW HITPOINT WARNING * * *
You hit Pikel but do no damage. You claw Pikel.
Pikel is heavily wounded.
Pikel zaps a wand.
Your mind is blasted!
You die...

#########
#......@#
#.#####K#
#.# #5# ###
#.# #55 #.#
#.# #.#.
...
#.#####.#..
#.#
#.......#
.. #.#
####.####
... #.#
#....# #.#


You could see Pikel and 3 lemures.

Vanquished Creatures
  2 necrophages (D:4)
  A scorpion (D:4)
  A jelly (D:4)
  2 hounds (D:4)
  9 adders
  A worm (D:3)
  2 dart slugs
  3 orcs
  5 bats
  2 endoplasms
  A giant cockroach (D:2)
  10 goblins
  5 hobgoblins
  4 jackals (D:4)
  6 quokkas
  5 ball pythons
  3 frilled lizards (D:2)
  2 kobolds
  8 rats
72 creatures vanquished.

Notes
Turn   | Place    | Note
-------+----------+-------------------------------------------
     0 | D:1      | AZSletch the Demonspawn Gladiator began the quest for the
                  | Orb.
     0 | D:1      | Reached XP level 1. HP: 16/16 MP: 1/1
   448 | D:1      | Gained mutation: You have sharp toenails. [demonic
                  | ancestry]
   448 | D:1      | Reached XP level 2. HP: 14/23 MP: 2/2
   451 | D:1      | Found a faded altar of an unknown god.
  1134 | D:1      | Reached XP level 3. HP: 23/28 MP: 3/3
  1645 | D:2      | Gained mutation: You have razor-sharp toenails. [demonic
                  | ancestry]
  1645 | D:2      | Reached XP level 4. HP: 19/35 MP: 4/4
  2147 | D:3      | Found a blossoming altar of Fedhas.
  3121 | D:4      | Found a transporter.
  3122 | D:4      | Found a transporter.
  3129 | D:4      | Noticed a necrophage
  3143 | D:4      | Killed a necrophage
  3144 | D:4      | Reached skill level 1 in Necromancy
  3144 | D:4      | Reached XP level 5. HP: 37/42 MP: 5/5
  3250 | D:4      | Noticed an ancient zyme
  3263 | D:4      | Noticed Kinoniko's ghost (novice OgBe)
  3293 | D:4      | Noticed a necrophage
  3315 | D:4      | Killed a necrophage
  3316 | D:4      | Gained mutation: You regenerate a little health from kills.
                  | [demonic ancestry]
  3316 | D:4      | Reached XP level 6. HP: 29/49 MP: 6/6
  4219 | D:4      | Found a one-way gate to the infinite horrors of the Abyss.
  4385 | D:5      | Entered Level 5 of the Dungeon
  4441 | D:5      | Reached skill level 5 in Fighting
  4441 | D:5      | Reached skill level 5 in Dodging
  4509 | D:5      | Noticed Pikel
  4531 | D:5      | Blown up by Pikel

Illustrated notes

Levels and vault maps discovered:
D:1:      eino_arrival_water_cross, layout_rooms,
          hellmonk_ecumenical_altar_blasted, chequers_decorated_corner,
          kennysheep_minor_cross, due_unseen_surprise
D:2:      layout_rooms
D:3:      layout_rooms, amcnicky_altar_gilded, grunt_ministairs_5,
          minmay_misc_feat_doors
D:4:      layout_loops_corners, gammafunk_ghost_abyssal_escape
D:5:      layout_loops_corners, minmay_temple_entry_waves, uniq_duvessa,
          uniq_pikel

Skill      XL: |  1  2  3  4  5  6 |
---------------+-------------------+-----
Dodging        | 3 4 5 |  5.0
Fighting       | 3 4 5 |  5.0
Necromancy     | 1 2 3 |  3.0
Polearms       | |  2.6
Throwing       | |  1.7

Action                   |  1- 3 |  4- 6 || total
-------------------------+-------+-------++-------
Melee: Trident           |    50 |       ||    50
       Dagger            |    77 |   220 ||   297
       Kick              |    25 |    67 ||    92
 Stab: Sleeping          |     1 |     1 ||     2
Armor: Leather armour    |    34 |    39 ||    73
Dodge: Dodged            |    52 |   107 ||   159
